 Dungeon Crawl Stone Soup version 0.19.0-9-gfd783f2 (webtiles) character file.

12 tv1990 the Vexing (level 2, -1/21 HPs)
             Began as a Formicid Arcane Marksman on Nov 7, 2016.
             Slain by a kobold (2 damage)
             ... on level 1 of the Dungeon.
             The game lasted 00:01:40 (347 turns).

tv1990 the Vexing (Formicid Arcane Marksman)         Turns: 347, Time: 00:01:40

Health: -1/21      AC:  2    Str: 15    XL:     2   Next: 45%
Magic:  3/3        EV: 17    Int: 12    God:
Gold:   40         SH:  0    Dex: 15    Spells: 1 memorised, 2 levels left

rFire  . . .     SeeInvis +     i - -2 short sword (curse)
rCold  . . .     Gourm    .     e - +0 robe
rNeg   . . .     Faith    .     (no shield)
rPois  +         Spirit   .     (helmet unavailable)
rElec  .         Reflect  .     (no cloak)
rCorr  .         Harm     .     (no gloves)
MR     +....                    (no boots)
Stlth  ++........               (no amulet)
                                (no ring)
                                (no ring)

@: agile
A: permanent stasis, dig shafts and tunnels, four strong arms, antennae 3, magic
resistance 1, poison resistance
a: Dig, Shaft Self


You were on level 1 of the Dungeon.
You were not hungry.

You visited 1 branch of the dungeon, and saw 1 of its levels.

You collected 40 gold pieces.

Inventory:

Hand Weapons
 a - a +0 hand crossbow
 i - a cursed -2 short sword (weapon)
Missiles
 d - 18 bolts
Armour
 e - a +0 robe (worn)
Scrolls
 h - a scroll of remove curse {unknown}
 j - a scroll of fear {unknown}
 k - a scroll of immolation {unknown}
Potions
 l - a potion of mutation
Books
 c - a book of Debilitation

   Spells                             Type                      Level
   a - Corona                         Hexes                        1
   b - Slow                           Hexes                        2
   c - Gell's Gravitas                Hexes/Translocation          3
   d - Inner Flame                    Hexes/Fire                   3
   e - Cause Fear                     Hexes                        4
   f - Leda's Liquefaction            Hexes/Earth                  4
Comestibles
 f - a bread ration
 g - 2 chunks of flesh


   Skills:
 + Level 1.4 Fighting
 * Level 2.7 Crossbows
 - Level 1.7 Dodging
 - Level 1.1 Spellcasting
 - Level 3.6 Hexes


You had 2 spell levels left.
You knew the following spells:

 Your Spells              Type           Power        Failure   Level  Hunger
a - Corona                Hex            #......      10%         1    ##.....


Dungeon Overview and Level Annotations

Branches:
Dungeon (1/15)

Altars:


Innate Abilities, Weirdness & Mutations

You are under a permanent stasis effect.
You can dig through walls and to a lower floor.
Your four strong arms can wield two-handed weapons with a shield.
You have a pair of large antennae on your head. (SInv)
You are resistant to hostile enchantments. (MR+)
Your system is resistant to poisons. (rPois)


Message History

* * * LOW HITPOINT WARNING * * *
The kobold closely misses you.
You barely miss the kobold. The kobold hits you.
* * * LOW HITPOINT WARNING * * *
Unknown command.
Unknown command.
Unknown command.
It was a potion of mutation.
You feel extremely strange.
You feel resistant to poisons.
You feel resistant to hostile enchantments.
The kobold closely misses you.
It was a potion of agility.
You feel agile all of a sudden. The kobold hits you.
* * * LOW HITPOINT WARNING * * *
Some of the chunks of flesh in your inventory have rotted away.
It was a potion of berserk rage.
You cannot go berserk while under stasis.
The kobold hits you.
You die...

#.. #................
#.# #................
.. ##....K...........
.## ##................=
..###.........g!.......
.......#.#...(.##.....#
.####...g######## #####
.........K....#K##
#####.........{#@#
#####.........####
#.............#
#.####.....>..# ..#
#..###.#### ..###.##
#.# #..##.# #.#
##....####.####
###....##....#


You could see a kobold.

Vanquished Creatures
  A dart slug (D:1)
  A giant cockroach (D:1)
  2 kobolds (D:1)
  2 frilled lizards (D:1)
  2 goblins (D:1)
  4 rats (D:1)
12 creatures vanquished.

Notes
Turn   | Place    | Note
-------+----------+-------------------------------------------
     0 | D:1      | tv1990 the Formicid Arcane Marksman began the quest for the Orb.
     0 | D:1      | Reached XP level 1. HP: 15/15 MP: 2/2
   105 | D:1      | Reached XP level 2. HP: 21/21 MP: 3/3
   345 | D:1      | Gained mutation: Your system is resistant to poisons. (rPois) [potion of mutation]
   345 | D:1      | Gained mutation: You are resistant to hostile enchantments. (MR+) [potion of mutation]
   346 | D:1      | HP: 1/21 [kobold (1)]
   347 | D:1      | Slain by a kobold

Action                   || total
-------------------------++-------
Melee: Short sword       ||    33
 Fire: Hand crossbow     ||    14
 Abil: Dig               ||     1
  Use: Potion            ||     3
Armor: Robe              ||     6
Dodge: Dodged            ||    19

Table legend:
 A = Turns spent in this place as a percentage of turns spent in the entire game.
 B = Non-inter-level travel turns spent in this place as a percentage of non-inter-level travel turns spent in the entire game.
 C = Inter-level travel turns spent in this place as a percentage of turns spent in this place.
 D = Turns resting spent in this place as a percentage of non-inter-level travel turns spent in this place.
 E = Turns spent auto-exploring this place as a percentage of non-inter-level travel turns spent in this place.
 F = Non-inter-level travel turns spent in this place divided by the number of levels of this place that you've seen.
                   A       B       C       D       E      F
               +-------+-------+-------+-------+-------+----------------------
         Total | 100.0 | 100.0 |   0.0 |   0.0 |  22.8 | 127.0
       Dungeon | 100.0 | 100.0 |   0.0 |   0.0 |  22.8 | 127.0
               +-------+-------+-------+-------+-------+----------------------

Table legend:
 A = Kills in this place as a percentage of kills in entire the game.
 B = Kills by you in this place as a percentage of kills by you in the entire game.
 C = Kills by friends in this place as a percentage of kills by friends in the entire game.
 D = Other kills in this place as a percentage of other kills in the entire game.
 E = Experience gained in this place as a percentage of experience gained in the entire game.
 F = Experience gained in this place divided by the number of levels of this place that you have seen.
                   A       B       C       D       E      F
               +-------+-------+-------+-------+-------+----------------------
         Total | 100.0 | 100.0 |  -nan |  -nan | 100.0 |  18.0
       Dungeon | 100.0 | 100.0 |  -nan |  -nan | 100.0 |  18.0
               +-------+-------+-------+-------+-------+----------------------

Vault maps used:
D:1:      dpeg_arrival_lava_temple_mockup
